AoeStats
← The_NK

Arabia

505134020Analyzed
1v1 RM · 24d ago on Sep 8, 2026· 34m 46s· 2 players
Game mode
Random Map
Map size
Tiny (2 player)
Population
200
Speed
Normal
Resources
Standard
Victory
Conquest
Starting age
Dark Age
Ending age
Imperial Age
RankedLock teamsTeams togetherTeam positionsShared explorationLock speedFull tech treeHidden civsTurbo modeCheats
Victory
Defeat
🇺🇸 Armenians · United States
1098
+15
🇺🇸 Maya · United States
1084
-15
The_NK
0:26 Loom
9:21 Feudal Age
9:48 Double-Bit Axe
17:26 Fletching
21:31 Horse Collar
26:29 Castle Age
26:53 Padded Archer Armor
26:34 Crossbowman
29:09 Bodkin Arrow
34:05 Man-at-Arms
FRNDZ_asimpleart
6:27 Loom
9:33 Feudal Age
11:10 Man-at-Arms
12:41 Arson
14:20 Scale Mail Armor
20:33 Double-Bit Axe
21:31 Long Swordsman
23:26 Fletching
24:09 Horse Collar
27:55 Castle Age
26:38 Padded Archer Armor
29:19 Squires
30:08 Gold Mining
32:23 Bodkin Arrow
Connection lost

Rejoining the realm…

Still unreachable

The connection could not be restored.

Session expired

The server has moved on; the page needs a fresh start.